 Dungeon Crawl Stone Soup version 0.28.0-53-g5a82cb258f (webtiles) character file.

Game seed: 1581656005065184102

2473 PentaManta the Grappler (level 9, 0/75 HPs)
             Began as a Ghoul Gladiator on June 16, 2022.
             Was a Follower of Makhleb.
             Slain by a slime creature (10 damage)
             ... on level 6 of the Dungeon.
             The game lasted 00:14:01 (6495 turns).

PentaManta the Grappler (Ghoul Gladiator)           Turns: 6495, Time: 00:14:01

Health: 0/75       AC: 10    Str: 22    XL:     9   Next: 51%
Magic:  8/8        EV: 10    Int:  3    God:    Makhleb [*.....]
Gold:   74         SH:  4    Dex: 10    Spells: 8/8 levels left

rFire   + . .      SeeInvis +     - Unarmed
rCold   + . .      Faith    .   k - +0 buckler
rNeg    + + +      Spirit   .   F - +2 scale mail {rF+}
rPois   ∞          Reflect  .   b - +0 helmet
rElec   .          Harm     .   n - scarf {repulsion}
rCorr   .          Rampage  .   (no gloves)
Will    .....                   (no boots)
Stlth   ..........              g - amulet of the acrobat
HPRegen 0.00/turn               o - ring of see invisible
MPRegen 0.11/turn               B - +4 ring of slaying

@: inhibited regen, repel missiles
A: claws 1, cold resistance 1, negative energy resistance 3, inhibited
regeneration, torment resistance 2
a: Renounce Religion


You were on level 6 of the Dungeon.
You worshipped Makhleb.
Makhleb was aware of your devotion.
You visited 2 branches of the dungeon, and saw 8 of its levels.

You collected 226 gold pieces.
You spent 152 gold pieces at shops.

Inventory:

Hand Weapons
 i - a +0 whip
Missiles
 c - 2 throwing nets (quivered)
 d - 3 atropa-tipped darts
 t - 8 poisoned darts
 x - 4 curare-tipped darts
Armour
 b - a +0 helmet (worn)
 k - a +0 buckler (worn)
 l - a +0 chain mail
 n - a scarf of repulsion (worn)
 y - a +0 cloak
 C - a +1 plate armour of poison resistance
 F - a +2 scale mail of fire resistance (worn)
Jewellery
 g - an amulet of the acrobat (around neck)
 o - a ring of see invisible (left claw)
 B - a +4 ring of slaying (right claw)
 D - a ring of wizardry
 H - a ring of magical power
Wands
 q - a wand of digging (9)
 s - a wand of iceblast (16)
 A - a wand of acid (10)
Scrolls
 a - a scroll of amnesia
 h - 2 scrolls of magic mapping
 j - 3 scrolls of teleportation
 m - 5 scrolls of enchant weapon
 p - a scroll of torment
 v - 2 scrolls of blinking
 z - a scroll of summoning {unknown}
Potions
 e - 6 potions of curing
 f - a potion of heal wounds
 r - a potion of haste
 u - 4 potions of flight
 w - a potion of cancellation
 E - a potion of attraction


   Skills:
 - Level 6.0 Fighting
 - Level 1.7 Throwing
 + Level 4.5 Armour
 - Level 2.6 Dodging
 - Level 3.0 Shields
 - Level 11.0 Unarmed Combat


You had 8 spell levels left.
You didn't know any spells.
Your spell library contained the following spells:

 Spells                   Type           Power      Damage    Failure   Level
 Animate Skeleton         Necr           0%         N/A       90%         1
 Pain                     Necr           0%         1d4       90%         1
 Sandblast                Erth           0%         2d4       90%         1
 Passwall                 Tmut/Erth      0%         N/A       97%         2
 Stone Arrow              Conj/Erth      0%         3d7       99%         3
 Vampiric Draining        Necr           0%         2d6       99%         3


Dungeon Overview and Level Annotations

Branches:
Dungeon (7/15)             Temple (1/1) D:6

Altars:
Cheibriados
Dithmenos
Elyvilon
Fedhas
Makhleb
Okawaru
Qazlal
Ru
Sif Muna
Trog
Wu Jian
Xom
Yredelemnul
Zin
The Shining One

Shops:
D:2 =?   D:3 *[   D:6 ([[?


Innate Abilities, Weirdness & Mutations

You thrive by killing the living.
You are immune to poison.
You have sharp fingernails.
Your flesh is cold resistant. (rC+)
You are immune to negative energy. (rN+++)
You do not regenerate when monsters are visible.
You are immune to unholy pain and torment.


Message History

You claw the slime creature!
The slime creature is almost dead.
The slime creature hits you!
You mangle the slime creature!!
You kill the slime creature!
Makhleb accepts your kill.
You feel better.
The slime creature hits you but does no damage.
Training target 6.0 for Fighting reached!
Your Fighting skill increases to level 6!
The jelly quivers.
There is a stone staircase leading up here.
The slime creature hits you. The slime creature closely misses you.
You climb upwards.
There is a stone staircase leading down here.
You mangle the slime creature!!
The slime creature is moderately wounded.
The slime creature hits you but does no damage. x2
You scratch the slime creature.
The slime creature is moderately wounded.
The slime creature completely misses you.
The slime creature hits you but does no damage.
You scratch the slime creature.
The slime creature is moderately wounded.
The slime creature closely misses you. The slime creature hits you!
You scratch the slime creature.
The slime creature is moderately wounded.
The slime creature hits you.
You mangle the slime creature!!
The slime creature is severely wounded.
The slime creature barely misses you.
You completely miss the slime creature.
The slime creature is severely wounded.
The slime creature barely misses you. The slime creature closely misses you.
You claw the slime creature!
The slime creature is almost dead.
The slime creature hits you!
* * * LOW HITPOINT WARNING * * *
The slime creature hits you!
You die...

####### #.....# #.###.# ####
#.# #.# ...# #.# #.### ...#
#.###...# ...# #.....#.####
...##########.#.J..######
...'....# #.....@J......#
...####.# #.######.##...# ...#
#.# #.# ###..##.#.###### ...#
#.###.###.........#....# .###
#.........#.#†#.#...##.#
.#############...⌠.∩.⌠....##.#
.........# #..#.#.#.#.#.##.#
.........# #...∩...∩.......#
.........# #..#.#.#.#.#.#..#


You could see 2 slime creatures.

Vanquished Creatures
  A slime creature (D:7)
  Grinder (D:3)
  Eustachio (D:6)
  A water moccasin (D:5)
  Edmund (D:6)
  An acid dragon (D:7)
  An orc warrior (D:6)
  2 ice beasts (D:6)
  A necrophage (D:6)
  A sky beast (D:6)
  An ogre (D:6)
  A centaur (D:4)
  A wyvern zombie (D:5)
  A scorpion (D:5)
  A wyvern skeleton (D:5)
  A howler monkey (D:4)
  4 wights (D:6)
  2 bullfrog zombies (D:5)
  2 orc priests
  Crazy Yiuf (D:4)
  2 jellies
  Natasha (thrice) (D:2)
  2 orc wizards
  An iguana (D:5)
  A killer bee zombie (D:6)
  7 gnolls
  7 adders
  A howler monkey skeleton (D:6)
  A shadow imp (D:6)
  A worm (D:3)
  A dart slug (D:1)
  20 orcs
  6 ball pythons
  7 bats
  An endoplasm (D:2)
  4 giant cockroaches
  5 goblins
  8 hobgoblins
  3 quokkas
  4 frilled lizards
  18 kobolds
  7 rats
136 creatures vanquished.

Notes
Turn   | Place    | Note
-------+----------+-------------------------------------------
     0 | D:1      | PentaManta the Ghoul Gladiator began the quest for the Orb.
     0 | D:1      | Reached XP level 1. HP: 17/17 MP: 0/0
   176 | D:1      | Reached XP level 2. HP: 24/24 MP: 1/1
   253 | D:1      | Reached skill level 4 in Unarmed Combat
   540 | D:1      | Reached XP level 3. HP: 24/29 MP: 2/2
   832 | D:2      | Noticed Natasha
   846 | D:2      | Killed Natasha
   847 | D:2      | Reached skill level 5 in Unarmed Combat
   974 | D:2      | Reached XP level 4. HP: 36/36 MP: 3/3
  1042 | D:2      | Found Azuywk's Jewellery Emporium.
  1212 | D:2      | Noticed Natasha
  1229 | D:2      | Killed Natasha
  1233 | D:2      | Noticed Natasha
  1246 | D:2      | Killed Natasha
  1247 | D:2      | Reached skill level 6 in Unarmed Combat
  1247 | D:2      | Reached XP level 5. HP: 12/41 MP: 4/4
  1559 | D:2      | Found a faded altar of an unknown god.
  1572 | D:2      | Found Byulit's Magic Scroll Boutique.
  1582 | D:2      | Bought a scroll of teleportation for 33 gold pieces
  1582 | D:2      | Bought a scroll of identify for 22 gold pieces
  1855 | D:3      | Learned a level 2 spell: Passwall
  2034 | D:3      | Found Affew's General Store.
  2037 | D:3      | Noticed Grinder
  2037 | D:3      | Paralysed by Grinder for 2 turns
  2051 | D:3      | Reached skill level 7 in Unarmed Combat
  2067 | D:3      | Paralysed by Grinder for 4 turns
  2078 | D:3      | Paralysed by Grinder for 2 turns
  2082 | D:3      | Killed Grinder
  2083 | D:3      | Reached skill level 8 in Unarmed Combat
  2083 | D:3      | Reached XP level 6. HP: 12/48 MP: 5/5
  2734 | D:3      | Found Ducom's Armour Boutique.
  3096 | D:4      | Reached XP level 7. HP: 52/55 MP: 6/6
  3370 | D:4      | Reached skill level 9 in Unarmed Combat
  3820 | D:4      | Found a runed translucent door.
  3821 | D:4      | Noticed Crazy Yiuf
  3955 | D:4      | Killed Crazy Yiuf
  4014 | D:5      | Entered Level 5 of the Dungeon
  4394 | D:5      | Reached skill level 10 in Unarmed Combat
  4394 | D:5      | Reached XP level 8. HP: 60/61 MP: 7/7
  4852 | D:6      | Reached skill level 11 in Unarmed Combat
  4868 | D:6      | Found a staircase to the Ecumenical Temple.
  4956 | Temple   | Entered the Ecumenical Temple
  5092 | Temple   | Became a worshipper of Makhleb the Destroyer
  5230 | D:6      | Noticed Eustachio
  5240 | D:6      | Reached skill level 1 in Armour
  5240 | D:6      | Reached skill level 1 in Shields
  5263 | D:6      | Killed Eustachio
  5541 | D:6      | Noticed Edmund
  5546 | D:6      | Killed Edmund
  5547 | D:6      | Reached XP level 9. HP: 70/71 MP: 8/8
  6016 | D:6      | Reached skill level 5 in Fighting
  6115 | D:6      | Found Femm's Antique Weapon Emporium.
  6116 | D:6      | Found Naavviw's Armour Emporium.
  6116 | D:6      | Found Miawe's Antique Armour Emporium.
  6121 | D:6      | Found Xofro's Magic Scroll Emporium.
  6139 | D:6      | Reached * piety under Makhleb
  6147 | D:6      | Bought a scroll of blinking for 97 gold pieces
  6495 | D:6      | Slain by a slime creature

Illustrated notes

Levels and vault maps discovered:
D:1:      roderic_dead_forest, layout_basic
D:2:      layout_basic, serial_shops, shop, shop_statue, basic_ecumenical_altar,
          st_stairs_3, uniq_natasha
D:3:      layout_loops_ring, serial_shops, shop, shop,
          minmay_goblin_kobold_house, uniq_grinder
D:4:      layout_loops_cross, uniq_crazy_yiuf_cottage
D:5:      layout_cave_pools, minmay_misc_feat_tiny
D:6:      layout_basic, minmay_temple_entry_poolview, minmay_shop_grid_forest,
          uniq_edmund, uniq_eustachio
D:7:      layout_cave_pools, nicolae_ashenzari_skybound,
          chequers_temple_overflow_statue_of_worship, chequers_jeans,
          nicolae_concentric_dashed_squares_wild
Temple:   regret_index_temple_waves

Skill      XL: |  1  2  3  4  5  6  7  8  9 |
---------------+----------------------------+-----
Unarmed Combat | 4 5 6 8 10 11 | 11.0
Armour         | 2 4 |  4.5
Shields        | 2 3 |  3.0
Fighting       | 4 6 |  6.0
Throwing       | |  1.7
Dodging        | |  2.6

Action                   |  1- 3 |  4- 6 |  7- 9 || total
-------------------------+-------+-------+-------++-------
Melee: Unarmed           |    96 |   153 |   208 ||   457
       Punch             |     3 |     6 |     9 ||    18
Throw: Throwing net      |       |     3 |       ||     3
  Use: Scroll            |       |     1 |    14 ||    15
Armor: Leather armour    |    35 |    27 |       ||    62
       Scale mail        |       |    34 |    54 ||    88
Dodge: Dodged            |    67 |    92 |   113 ||   272
       Repelled          |       |     1 |       ||     1
Block: Buckler           |       |       |     8 ||     8
